 Dungeon Crawl Stone Soup version 0.23-a0-565-g3e74e4c (webtiles) character file.

93 RoseArtemis the Ruffian (level 4, -1/44 HPs)
             Began as a Troll Monk on Dec 13, 2018.
             Was a Believer of Qazlal.
             Splashed by Ijyb's acid (11 damage)
             ... on level 3 of the Dungeon.
             The game lasted 00:03:26 (1458 turns).

RoseArtemis the Ruffian (Troll Monk)                Turns: 1458, Time: 00:03:27

Health: -1/44      AC: -3    Str: 19    XL:     4   Next: 36%
Magic:  3/3        EV: 10    Int:  6    God:    Qazlal [**....]
Gold:   56         SH:  2    Dex: 13    Spells: 3/3 levels left

rFire    . . .     SeeInvis .     - Unarmed
rCold    . . .     Gourm    +   (no shield)
rNeg     . . .     Faith    .   a - +0 robe
rPois    .         Spirit   .   (helmet restricted)
rElec    .         Reflect  .   (no cloak)
rCorr    .         Harm     .   (gloves unavailable)
MR       .....                  (boots unavailable)
Stlth    +.........             (no amulet)
HPRegen  0.54/turn              (no ring)
MPRegen  0.08/turn              (no ring)

@: corroded, drained
A: large, unfitting armour, claws 3, fast metabolism 3, gourmand, regeneration
1, shaggy fur 1, tough skin 2
a: Upheaval, Renounce Religion


You were on level 3 of the Dungeon.
You worshipped Qazlal.
Qazlal was pleased with you.
You were completely stuffed.

You visited 1 branch of the dungeon, and saw 3 of its levels.

You collected 56 gold pieces.

Inventory:

Armour
 a - a +0 robe (worn)
Jewellery
 n - a cursed ring of teleportation {unknown}
Scrolls
 c - 3 scrolls of remove curse {unknown}
 h - a scroll of teleportation {unknown}
 j - a scroll of amnesia {unknown}
 l - a scroll of blinking {unknown}
Potions
 d - a potion of lignification {unknown}
 e - a potion of heal wounds {unknown}
 f - 4 potions of might {unknown}
 g - a potion of flight {unknown}
 i - 3 potions of haste {unknown}
 k - a potion of curing {unknown}
Comestibles
 b - 6 rations
 m - a chunk of flesh


   Skills:
 + Level 2.9(2.4) Fighting
 + Level 3.0(2.5) Dodging
 - Level 1.0(0.5) Stealth
 * Level 4.3(3.7) Unarmed Combat


You had 3 spell levels left.
You didn't know any spells.
Your spell library was empty.

Dungeon Overview and Level Annotations

Branches:
Dungeon (3/15)

Altars:
Qazlal

Annotations:
D:3 Ijyb


Innate Abilities, Weirdness & Mutations

You are too large for most types of armour.
You have claws for hands.
Your metabolism is lightning-fast.
You like to eat raw meat.
Your natural rate of healing is unusually fast.
You are covered in fur. (AC +1)
You have very tough skin. (AC +2)


Message History

m - 2 chunks of flesh You see here a jackal skeleton. x2
Eating one of 2 chunks of flesh.
You eat one of the 2 chunks of flesh.
This raw flesh tastes great.
Found a stone staircase leading up.
Found 25 stones.
Found a stone staircase leading up.
Found a plate armour.
Ijyb the Twisted Goblin comes into view.
She is wielding a +0 club and carrying Ijyb shouts!
You see here a scroll labeled KUEM VOAPSI.
Ijyb zaps a wand.
The bolt of acid hits you! The acid corrodes you!
You are splashed with acid!
The acid burns!
There is a stone staircase leading up here.
You scratch Ijyb. You block Ijyb's attack.
You barely miss Ijyb. Ijyb barely misses you.
You scratch Ijyb.
Ijyb zaps a wand.
The bolt of acid hits you!
* * * LOW HITPOINT WARNING * * *
The acid corrodes you!
You are splashed with acid!
The acid burns!
You die...

#.#.# #.######.#
###.# #.# #.#
#.# #.# #.# ..#
#.# #.# #.
.######.###
..........######
.........?.....#
#######.#<#....#
#...g@#.....#
#..###.#[...#
#.. .##.#... #..
.# .# ## ... .#
. .. . ## .#


You could see Ijyb.

Vanquished Creatures
  A gnoll (D:2)
  3 adders (D:2)
  2 oozes
  A worm (D:2)
  3 dart slugs (D:1)
  A leopard gecko (D:1)
  An orc (D:3)
  A ball python (D:2)
  5 bats (D:1)
  4 goblins
  4 hobgoblins
  5 jackals
  2 frilled lizards
  2 rats
35 creatures vanquished.

Notes
Turn   | Place    | Note
-------+----------+-------------------------------------------
     0 | D:1      | RoseArtemis the Troll Monk began the quest for the Orb.
     0 | D:1      | Reached XP level 1. HP: 22/22 MP: 0/0
    95 | D:1      | Reached XP level 2. HP: 19/29 MP: 1/1
   569 | D:1      | Reached XP level 3. HP: 36/36 MP: 2/2
   952 | D:2      | Reached skill level 4 in Unarmed Combat
   973 | D:2      | Found a stormy altar of Qazlal.
  1006 | D:2      | Reached XP level 4. HP: 34/44 MP: 3/3
  1064 | D:2      | Became a worshipper of Qazlal Stormbringer
  1064 | D:2      | Reached * piety under Qazlal
  1064 | D:2      | Reached ** piety under Qazlal
  1453 | D:3      | Noticed Ijyb
  1458 | D:3      | Splashed by Ijyb's acid

Vault maps used:
D:1:      minmay_arrival_loop
D:2:      grunt_qazlal_clouds, first_ration, st_stairs_5
D:3:      gammafunk_ghost_stat_death, grunt_dithmenos_smoke,
          uniq_crazy_yiuf_cottage, uniq_ijyb

Skill      XL: |  1  2  3  4 |
---------------+-------------+-----
Unarmed Combat | 4 |  4.3
Dodging        | 3 |  3.0
Fighting       | |  2.9
Stealth        | |  1.0

Action                   |  1- 3 |  4- 6 || total
-------------------------+-------+-------++-------
Melee: Unarmed           |    87 |    18 ||   105
       Punch             |     1 |       ||     1
  Eat: Chunk             |    15 |     4 ||    19
Armor: Robe              |    34 |     6 ||    40
Dodge: Dodged            |    47 |     6 ||    53
Block: Other             |       |     1 ||     1

Table legend:
 A = Non-vault XP
 B = Vault XP
 C = Vault XP percentage of total XP
 D = Non-vault monster count
 E = Vault monster count
 F = Vault count percentage of total count
                 A         B        C        D         E       F
            +---------+---------+-------+---------+---------+-------
      Total |     116 |      17 |  12.8 |      32 |       3 |   8.6
            +---------+---------+-------+---------+---------+-------
        D:1 |      45 |       0 |   0.0 |      18 |       0 |   0.0
        D:2 |      56 |      17 |  23.3 |      10 |       3 |  23.1
        D:3 |      15 |       0 |   0.0 |       4 |       0 |   0.0
            +---------+---------+-------+---------+---------+-------
